 Dungeon Crawl Stone Soup version 0.30-a0-776-g08fbeb92c1 (console) character file.

Game seed: 12290979116638895257

14 Ignak the Ogre Mage (level 2, -1/26 HPs)
             Began as an Ogre Hedge Wizard on Feb 13, 2023.
             Slain by a kobold
             ... wielding a +0 short sword
              (2 damage)
             ... on level 1 of the Dungeon.
             The game lasted 00:01:27 (383 turns).

Ignak the Ogre Mage (Ogre Hedge Wizard)              Turns: 383, Time: 00:01:28

Health: -1/26      AC:  3    Str: 13    XL:     2   Next: 41%
Magic:  1/6        EV:  9    Int: 15    God:
Gold:   30         SH:  0    Dex:  8    Spells: 3/8 levels left

rFire   . . .      SeeInvis .    f - +0 club
rCold   . . .      Faith    .    (no shield)
rNeg    . . .      Spirit   .    b - +0 robe
rPois   .          Reflect  .    c - +0 hat
rElec   .          Harm     .    (no cloak)
rCorr   .          Rampage  .    (gloves unavailable)
Will    .....                    (boots unavailable)
Stlth   +                        (no amulet)
HPRegen 0.24/turn                (no ring)
MPRegen 0.10/turn                (no ring)

@: no status effects
A: large, unfitting armour, tough skin 1
a: no special abilities


You were on level 1 of the Dungeon.
You visited 1 branch of the dungeon, and saw 1 of its levels.

You collected 30 gold pieces.

Inventory:

Hand Weapons
 f - a +0 club (weapon)
Missiles
 g - a javelin (quivered)
Armour
 b - a +0 robe (worn)
 c - a +0 hat (worn)
Scrolls
 e - a scroll of vulnerability {unknown}
 h - a scroll of teleportation {unknown}
Potions
 a - 2 potions of ambrosia {unknown}
 d - a potion of magic


   Skills:
 + Level 0.7 Fighting
 + Level 0.5 Armour
 + Level 2.0 Dodging
 - Level 1.4 Stealth
 + Level 3.7 Spellcasting
 - Level 0.8 Conjurations
 + Level 1.0 Summonings
 + Level 1.0 Translocations


You had 3 spell levels left.
You knew the following spells:

 Your Spells              Type           Power      Damage    Failure   Level
a - Magic Dart            Conj           20%        1d4       13%         1
b - Blink                 Tloc           12%        N/A       19%         2
e - Call Imp              Summ           6%         N/A       19%         2

Your spell library contained the following spells:

 Spells                   Type           Power      Damage    Failure   Level
 Slow                     Hex            8%         N/A       19%         1
 Cigotuvi's Dreadful Rot  Necr/Pois/Air  4%         N/A       28%         2
 Summon Guardian Golem    Hex/Summ       4%         N/A       41%         3
 Mephitic Cloud           Conj/Pois/Air  3%         N/A       45%         3
 Orb of Destruction       Conj           2%         9d5       100%        7
 Spellforged Servitor     Conj/Summ      2%         N/A       100%        7


Dungeon Overview and Level Annotations

Branches:
Dungeon (1/15)

Altars:


Innate Abilities, Weirdness & Mutations

You are too large for most types of armour.
You have tough skin. (AC +1)


Message History

You kill the goblin!
You hit the kobold but do no damage.
The kobold hits you with a +0 short sword.
The kobold hits you but does no damage.
You hit the kobold but do no damage. The kobold barely misses you.
You hit the kobold but do no damage. The kobold hits you but does no damage.
Your crimson imp blinks!
You hit the kobold but do no damage. The kobold barely misses you.
The kobold hits your crimson imp with a +0 whip.
Your crimson imp barely misses the kobold.
You hit the kobold but do no damage.
Your crimson imp disappears in a puff of smoke!
The kobold barely misses you.
The kobold hits you with a +0 short sword.
* * * LOW HITPOINT WARNING * * *
You hit the kobold but do no damage. The kobold hits you but does no damage.
Casting: Call Imp (safe; 19% risk of failure)
Confirm with . or Enter, or press ? or * to list all spells.
A beastly little devil appears in a puff of flame.
The kobold hits you with a +0 short sword.
* * * LOW HITPOINT WARNING * * *
You hit the kobold but do no damage. The kobold closely misses you.
Your crimson imp closely misses the kobold.
Throw: 3 javelins
Press: ? - help, Q - select action, (/) - cycle Shift-Dir - straight line You throw a javelin.
The javelin closely misses the kobold.
The javelin barely misses the kobold.
The kobold hits you with a +0 short sword.
* * * LOW HITPOINT WARNING * * *
Your crimson imp blinks!
The kobold hits you but does no damage.
Throw: 2 javelins
Press: ? - help, Q - select action, (/) - cycle Shift-Dir - straight line, f - kobold
Aim: a kobold, wielding a +0 whip (severely wounded, 43% to hit)
You throw a javelin. The javelin pierces through the kobold.
The kobold is heavily wounded.
The javelin misses the kobold.
Your crimson imp closely misses the kobold.
The kobold hits you with a +0 short sword.
You die...

# ##|####### # #.# # #.#
## # ##)## #.. # ##...##
#.# # ##.....## #.# ##
##.......## ##.##
.####.........####.5.##
....+.........'.@KK..(#
.####.........####§..###
## ##.......######....#
# ##......†..gK.....# .
##....####5####..# #.
##+#)# #...# ..# ##
#J##.....# .#
#K#....(..# .#
#...?...(.5. #


You could see 2 kobolds and a friendly crimson imp (summoned).

Vanquished Creatures
  2 endoplasms (D:1)
  A giant cockroach (D:1)
  4 goblins (D:1)
  2 hobgoblins (D:1)
  A kobold (D:1)
  A bat (D:1)
  A rat (D:1)
12 creatures vanquished.

Vanquished Creatures (collateral kills)
  A rat (D:1)
1 creature vanquished.

Grand Total: 13 creatures vanquished

Notes
Turn   | Place    | Note
-------+----------+-------------------------------------------
     0 | D:1      | Ignak the Ogre Hedge Wizard began the quest for the Orb.
     0 | D:1      | Reached XP level 1. HP: 16/16 MP: 5/5
   177 | D:1      | Reached skill level 1 in Summonings
   177 | D:1      | Reached skill level 1 in Translocations
   281 | D:1      | Reached XP level 2. HP: 20/26 MP: 6/6
   289 | D:1      | Learned a level 2 spell: Blink
   292 | D:1      | Learned a level 2 spell: Call Imp
   382 | D:1      | HP: 1/26 [kobold/+0 short sword (3)]
   383 | D:1      | Slain by a kobold

Illustrated notes

Levels and vault maps discovered:
D:1:      minmay_arrival_arboretum_small, layout_loops_corners,
          dk_noncrumbling_4, nrook_loot_triangle, minmay_misc_feat_room,
          minmay_nonomino_d4

Skill      XL: |  1  2 |
---------------+-------+-----
Summonings     | 1 |  1.0
Translocations | 1 |  1.0
Dodging        | 2 |  2.0
Fighting       | |  0.7
Armour         | |  0.5
Stealth        | |  1.4
Spellcasting   | |  3.7
Conjurations   | |  0.8

Action                     || total
---------------------------++-------
  Melee: Club              ||    51
         Punch             ||     1
  Throw: Javelin           ||     2
   Cast: Magic Dart        ||     8
         Call Imp          ||     3
   Stab: Sleeping          ||     1
 Armour: Robe              ||    19
  Dodge: Dodged            ||    43

Table legend: (Time is in decaauts)
 A = Elapsed time spent in this place.
 B = Non-inter-level travel time spent in this place.
 C = Inter-level travel time spent in this place.
 D = Time resting spent in this place.
 E = Time spent auto-exploring this place.
 F = Levels seen in this place.
 G = Mean time per level.
                   A        B        C        D        E       F      G
               +--------+--------+--------+--------+--------+-----+--------+
         Total |    398 |    398 |      0 |     25 |    167 |   1 |  398.0 |
       Dungeon |    398 |    398 |      0 |     25 |    167 |   1 |  398.0 |
               +--------+--------+--------+--------+--------+-----+--------+

Top non-repeatable levels by time:
     D:1: 398 daAuts
